 Dungeon Sprint DCSS version 0.19-a0-1508-g2ac1aae (webtiles) character file.

492687 Arkorax the Invulnerable (level 21, -32/224 HPs)
             Began as a Minotaur Fighter on Sept 11, 2016.
             Was an Elder of Cheibriados.
             Killed from afar by Dispater (42 damage)
             ... with an iron shot
             ... in the Dungeon (Sprint IX: "|||||||||||||||||||||||||||||").
             The game lasted 00:19:50 (12177 turns).

Arkorax the Invulnerable (Minotaur Fighter)        Turns: 12177, Time: 00:19:52

Health: -32/224    AC: 48    Str: 53    XL:     21   Next: 48%
Magic:  20/51      EV: 38    Int: 18    God:    Cheibriados [****..]
Gold:   1674       SH: 33    Dex: 26    Spells: 0 memorised, 74 levels left

rFire  + + .     SeeInvis +     q - +14 obsidian axe {chop, +Fly SInv *Curse} (curse)
rCold  + + +     Gourm    +     t - +10 gold dragon armour
rNeg   + . .     Faith    .     P - +0 large shield {rF+}
rPois  +         Spirit   .     Q - +1 hat
rElec  +         Dismiss  .     A - +2 cloak
rCorr  .         Reflect  .     b - +2 pair of gloves
MR     +....     Harm     .     F - +0 pair of boots
Stlth  +++....... NoTele   +    Y - amulet "Moirum" {Gourm +Fly rElec rC+ Dex-3}
                                M - ring "Dogya" {rPois rN+ Str+3 Int+4}
                                s - ring "Ybboenk" {rElec rC+ Str+6 Dex+4}

@: mighty, agile, mesmerised, very slightly contaminated, slowed, very slow
A: retaliatory headbutt, horns 2, MP-powered wands
a: Bend Time, Temporal Distortion, Slouch, Renounce Religion, Evoke Flight
}: 8/15 runes: decaying, serpentine, slimy, elven, silver, golden, abyssal,
gossamer


You were in the Dungeon.
You worshipped Cheibriados.
Cheibriados was greatly pleased with you.
You were near starving.

You visited 1 branch You collected 1944 gold pieces.
You spent 270 gold pieces at shops.

Inventory:

Hand Weapons
 c - the +5 broad axe "Esime" {speed, rElec rPois Int-2 Dex+2}
   (You found it in the Dungeon)

   Attacks with this weapon are significantly faster.
   It affects your intelligence (-2).
   It affects your dexterity (+2).
   It insulates you from electricity.
   It protects you from poison.
   Cheibriados disapproves of the use of such an item.
 q - the cursed +14 obsidian axe (weapon) {chop, +Fly SInv *Curse}
   (You found it in the Dungeon)

   It inflicts extra damage upon your enemies.
   It lets you see invisible.
   It lets you fly.
   It may re-curse itself when equipped.
   It has a curse placed upon it.
Missiles
 Z - 6 stones (quivered)
Armour
 b - a +2 pair of gloves (worn)
 t - a +10 gold dragon armour (worn)
 A - a +2 cloak (worn)
 F - a +0 pair of boots (worn)
 K - a +2 large shield
 P - a +0 large shield of fire resistance (worn)
   (You found it in the Dungeon)
 Q - a +1 hat (worn)
 U - the +2 scale mail of the Curious Ghosts {-Tele rPois Str+5 Stlth+}
   (You found it in the Dungeon)

   It affects your strength (+5).
   It protects you from poison.
   It prevents most forms of teleportation.
   It makes you more stealthy.
Jewellery
 s - the ring "Ybboenk" (left hand) {rElec rC+ Str+6 Dex+4}
   (You found it in the Dungeon)

   [ring of strength]

   It affects your strength (+6).
   It affects your dexterity (+4).
   It protects you from cold.
   It insulates you from electricity.
 H - the ring "Vintelam" {Ice *Corrode rPois MR+++ Stlth-}
   (You found it in the Dungeon)

   [ring of ice]

   It enhances your ice magic.
   It makes you vulnerable to fire.
   It protects you from cold.
   It protects you from poison.
   It affects your resistance to hostile enchantments.
   It may corrode you when you take damage.
   It makes you less stealthy.
 I - an uncursed ring of protection from cold
 J - an uncursed ring of protection from cold
 M - the ring "Dogya" (right hand) {rPois rN+ Str+3 Int+4}
   (You found it in the Dungeon)

   [ring of strength]

   It affects your strength (+3).
   It affects your intelligence (+4).
   It protects you from poison.
   It protects you from negative energy.
 N - an uncursed ring of wizardry
 O - a +6 ring of strength
 X - the amulet "Ocsi" {Faith *Corrode rF+ Slay+3}
   (You found it in the Dungeon)

   [amulet of faith]

   It allows you to gain divine favour quickly.
   It affects your accuracy and damage with ranged weapons and melee attacks
   (+3).
   It protects you from fire.
   It may corrode you when you take damage.
 Y - the amulet "Moirum" (around neck) {Gourm +Fly rElec rC+ Dex-3}
   (You found it in the Dungeon)

   [amulet of the gourmand]

   It allows you to eat raw meat even when not hungry.
   It affects your dexterity (-3).
   It protects you from cold.
   It insulates you from electricity.
   It lets you fly.
Wands
 p - a wand of acid (7/15)
 E - a wand of teleportation (5/9) {!d}
 G - a wand of iceblast (7/15)
Scrolls
 k - 3 scrolls of blinking
 n - 13 scrolls of remove curse
 o - 2 scrolls of amnesia
 w - 2 scrolls of fear {!r}
 x - 2 scrolls of fog
 y - 4 scrolls of recharging
 z - 2 scrolls of enchant weapon
 B - 8 scrolls of identify
Potions
 a - a potion of resistance {!q}
 d - a potion of might {!q}
 e - 5 potions of curing
 h - 3 potions of haste {!q}
 i - 2 potions of magic {!q}
 j - 2 potions of berserk rage
 l - 7 potions of brilliance {!q}
 m - a potion of lignification {!q}
 u - a potion of agility {!q}
 v - a potion of cure mutation {!q}
 S - a potion of flight {unknown}
Books
 r - a book of Clouds
Miscellaneous
 L - the horn of Geryon
Comestibles
 f - 10 bread rations {!e}
 C - 40 fruits
 D - 12 meat rations {!e}
 T - 2 beef jerkies


   Skills:
 O Level 27 Fighting
 O Level 27 Axes
   Level 5.7(19.3) Maces & Flails
 + Level 9.8 Throwing
 O Level 27 Armour
 O Level 27 Dodging
 O Level 27 Stealth
 O Level 27 Shields
 + Level 10.7 Unarmed Combat
 O Level 27 Spellcasting
   Level 11.3 Earth Magic
 O Level 27 Invocations
 + Level 9.0 Evocations


You had 74 spell levels left.
You didn't know any spells.

Dungeon Overview and Level Annotations

Branches:
Dungeon (1/1)

Altars:
Cheibriados
Dithmenos
Elyvilon
Fedhas
Gozag
Hepliaklqana
Kikubaaqudgha
Makhleb
Nemelex Xobeh
Okawaru
Qazlal
Ru
Sif Muna
Trog
Uskayaw
Vehumet
Xom
Yredelemnul
Zin
The Shining One
Beogh
Jiyva
Lugonu

Shops:
D (?((

Annotations:
D Dispater


Innate Abilities, Weirdness & Mutations

You reflexively headbutt those who attack you in melee.
You have a pair of horns on your head.
You expend magic power (3 MP) to strengthen your wands.


Message History

The sphere of damnation explodes!
The damnation engulfs you!
* * * LOW HITPOINT WARNING * * *
Damage: 1 (max 1) Unknown command.
Unknown command.
You slice Dispater!! You headbutt Dispater!
Dispater is lightly wounded.
You block Dispater's attack.
You slice Dispater!!
You headbutt Dispater, but do no damage.
Dispater is lightly wounded.
Dispater gestures.
You hit Dispater but do no damage. You open a gate to Pandemonium!
A demon appears!
You headbutt Dispater.
Dispater is lightly wounded.
Dispater hits you with a golden staff!
* * * LOW HITPOINT WARNING * * *
The hellion gestures at you.
The sphere of damnation explodes!
The damnation engulfs you!
* * * LOW HITPOINT WARNING * * *
The damnation engulfs Dispater.
Dispater completely resists.
The damnation engulfs your ynoxinul.
You slash Dispater!
Dispater is moderately wounded.
Dispater gestures.
Damage: 31 (max 31)
You slice Dispater!! You headbutt Dispater!!
Dispater is moderately wounded.
You are near starving!
The hellion gestures at you.
The sphere of damnation explodes!
The damnation engulfs you!
* * * LOW HITPOINT WARNING * * *
The damnation engulfs Dispater.
Dispater completely resists.
The damnation engulfs your ynoxinul.
Your ynoxinul dies!
Dispater gestures at you.
The sphere of damnation explodes!
The damnation engulfs you!
* * * LOW HITPOINT WARNING * * *
The damnation engulfs Dispater.
Dispater completely resists.
Unknown command.
Damage: 34 (max 34) Unknown command.
Unknown command.
You can feel time thicken for a moment.
You kill the hellion!
You feel somewhat more hungry.
Cheibriados lowers the support of your attributes as your movement quickens.
Dispater gestures at you. The iron shot hits you!
You die...

...........'.....))...)))(())....
▓▓▓▓▓▓▓▓▓▓▓▓▓▓▓▓▓▓▓▓▓▓▓▓▓▓▓♣♣♣♣♣♣
.................................
▓▓▓▓▓▓▓▓▓▓▓▓▓▓▓▓▓▓▓▓▓▓▓▓▓▓▓▓▓▓▓▓▓
....'.........'.........'........
▓▓▓▓▓▓▓▓▓▓▓▓▓▓▓▓▓▓▓▓▓▓▓▓▓▓▓▓▓▓▓▓▓
.................................
▓▓▓▓▓▓▓▓▓▓▓▓▓▓▓▓▓▓▓▓▓▓▓▓▓▓▓▓▓▓▓▓▓
..φ..φ'.'...2&@................
▓▓▓▓▓▓▓▓▓▓▓▓▓▓▓▓▓▓▓▓▓▓▓▓▓▓▓▓▓▓▓


You could see Dispater and a balrug.

Vanquished Creatures
  the Royal Jelly (D)
  Gloorx Vloq (D)
  3 orbs of fire (D)
  7 ancient liches (D)
  Boris (D)
  2 greater mummies (D)
  Frederick (D)
  Xtahua (D)
  2 Killer Klowns (D)
  Nikola (D)
  2 golden dragons (D)
  Geryon (D)
  Jory (D)
  A bone dragon (D)
  3 electric golems (D)
  4 tentacled monstrosities (D)
  28 Orb Guardians (D)
  A titan (D)
  3 liches (D)
  4 deep elf blademasters (D)
  10 acid blobs (D)
  2 deep elf master archers (D)
  12 sphinxes (D)
  A thorn hunter (D)
  Kirke (D)
  A death cob (D)
  6 shadow dragons (D)
  Ilsuiw (D)
  A draconian monk (D)
  6 storm dragons (D)
  5 greater nagas (D)
  5 fire giants (D)
  5 azure jellies (D)
  2 draconian knights (D)
  2 frost giants (D)
  A deep elf sorcerer (D)
  2 vault wardens (D)
  A draconian zealot (D)
  Louise (D)
  A ghost moth (D)
  3 draconian shifters (D)
  3 emperor scorpions (D)
  A draconian scorcher (D)
  2 very ugly things (D)
  4 ironheart preservers (D)
  An entropy weaver (D)
  7 vampire knights (D)
  A draconian caller (D)
  3 stone giants (D)
  2 green draconians (D)
  2 black draconians (D)
  2 yellow draconians (D)
  A purple draconian (D)
  4 deep elf annihilators (D)
  4 red draconians (D)
  4 mottled draconians (D)
  3 white draconians (D)
  An ettin (D)
  Snorg (D)
  2 deep elf death magi (D)
  3 merfolk javelineers (D)
  4 mummy priests (D)
  3 fire dragons (D)
  4 death oozes (D)
  7 merfolk impalers (D)
  A deep elf high priest (D)
  A rakshasa (D)
  A yaktaur captain (D)
  6 hydras (D)
  7 ice dragons (D)
  2 naga warriors (D)
  25 vault guards (D)
  A great orb of eyes (D)
  An alligator snapping turtle (D)
  A merfolk avatar (D)
  Erica (D)
  2 alligators (D)
  A death knight (D)
  An ogre mage (D)
  3 centaur warriors (D)
  2 tengu warriors (D)
  2 merfolk aquamancers (D)
  4 orc high priests (D)
  A naga sharpshooter (D)
  2 deep troll earth magi (D)
  A thrashing horror (D)
  A soul eater (D)
  A deep elf knight (D)
  A shock serpent (D)
  A wretched star (D)
  2 giant orange brains (D)
  A skeletal warrior (D)
  An unseen horror (D)
  A deep elf archer (D)
  5 swamp dragons (D)
  A deep troll (D)
  5 orc knights (D)
  3 ironbrand convokers (D)
  A naga ritualist (D)
  2 lindwurms (D)
  An orb spider (shapeshifter) (D)
  2 orb spiders (D)
  5 wolf spiders (D)
  A necromancer (D)
  2 ugly things (D)
  A salamander (D)
  A hornet (D)
  A cyclops (D)
  11 moths of wrath (D)
  A vault sentinel (D)
  2 guardian serpents (D)
  3 black mambas (D)
  A guardian serpent (shapeshifter) (D)
  3 naga magi (D)
  2 sirens (D)
  2 spiny frogs (D)
  Psyche (D)
  A kobold demonologist (D)
  An efreet (D)
  2 komodo dragons (D)
  2 yaktaurs (D)
  20 guardian mummies (D)
  4 freezing wraiths (D)
  3 trolls (D)
  A wandering mushroom (D)
  4 demonic crawlers (D)
  3 giant leeches (D)
  3 jumping spiders (D)
  A blink frog (D)
  A merfolk (D)
  3 slime creatures (D)
  2 bog bodies (D)
  A shadow (D)
  A flying skull (D)
  A vampire (D)
  A redback (D)
  12 spriggans (D)
  A hungry ghost (D)
  A basilisk (D)
  2 hogs (D)
  3 water elementals (D)
  Grum (D)
  A golden eye (D)
  3 nagas (D)
  2 large abominations (D)
  An insubstantial wisp (D)
  A vampire mosquito (D)
  2 mottled dragons (D)
  A hell hound (D)
  3 water moccasins (D)
  2 giant eyeballs (D)
  A porcupine (D)
  2 swamp drakes (D)
  10 orc warriors (D)
  An eye of draining (D)
  A wasp (D)
  An ice beast (shapeshifter) (D)
  2 boggarts (D)
  5 wolves (D)
  4 crocodiles (D)
  2 giant frogs (D)
  A small abomination (D)
  A killer bee (D)
  2 crimson imps (D)
  2 jellies (D)
  13 orc priests (D)
  5 orc wizards (D)
  2 iguanas (D)
  An adder (D)
  A river rat (D)
  3 worms (D)
  A dart slug (D)
  An adder simulacrum (D)
  5 orcs (D)
  A bat skeleton (D)
  A bat zombie (D)
  2 hobgoblins (D)
  A ball python zombie (D)
  A bat (D)
  A giant newt (D)
503 creatures vanquished.

Vanquished Creatures (collateral kills)
  A sphinx (D)
  A merfolk impaler (D)
  A moth of wrath (D)
  A vault sentinel (D)
  2 crawling corpses (D)
6 creatures vanquished.

Vanquished Creatures (others)
  Mnoleg (D)
  A spatial maelstrom (D)
  A worm (D)
3 creatures vanquished.

Grand Total: 512 creatures vanquished

Notes
Turn   | Place    | Note
-------+----------+-------------------------------------------
     0 | D        | Arkorax the Minotaur Fighter began the quest for the Orb.
     0 | D        | Reached XP level 1. HP: 19/19 MP: 0/0
     3 | D        | Banished a spatial maelstrom
     9 | D        | Reached skill level 3 in Maces & Flails
    10 | D        | Reached skill level 4 in Fighting
    10 | D        | Reached skill level 4 in Armour
    10 | D        | Reached skill level 4 in Shields
    69 | D        | Noticed a crimson imp
    69 | D        | Noticed a crimson imp
    70 | D        | Reached XP level 2. HP: 27/27 MP: 1/1
    75 | D        | Reached skill level 4 in Maces & Flails
    76 | D        | Killed a crimson imp
    76 | D        | Reached skill level 5 in Fighting
    76 | D        | Reached skill level 5 in Maces & Flails
    76 | D        | Reached skill level 5 in Armour
    76 | D        | Reached skill level 5 in Shields
    76 | D        | Reached XP level 3. HP: 31/36 MP: 2/2
    78 | D        | Reached skill level 6 in Fighting
    78 | D        | Reached skill level 6 in Armour
    78 | D        | Reached skill level 6 in Shields
    78 | D        | Reached XP level 4. HP: 38/44 MP: 3/3
   125 | D        | Found a roughly hewn altar of Beogh.
   125 | D        | Found a snail-covered altar of Cheibriados.
   125 | D        | Found a shadowy altar of Dithmenos.
   125 | D        | Found a white marble altar of Elyvilon.
   125 | D        | Found a blossoming altar of Fedhas.
   125 | D        | Found an opulent altar of Gozag.
   126 | D        | Found a hazy altar of Hepliaklqana.
   127 | D        | Found a viscous altar of Jiyva.
   128 | D        | Found an ancient bone altar of Kikubaaqudgha.
   129 | D        | Became a worshipper of Cheibriados the Contemplative
   130 | D        | Found a corrupted altar of Lugonu.
   131 | D        | Found a burning altar of Makhleb.
   132 | D        | Found a sparkling altar of Nemelex Xobeh.
   133 | D        | Found an iron altar of Okawaru.
   134 | D        | Found a stormy altar of Qazlal.
   135 | D        | Found a sacrificial altar of Ru.
   136 | D        | Found a deep blue altar of Sif Muna.
   137 | D        | Found a bloodstained altar of Trog.
   138 | D        | Found a hide-covered altar of Uskayaw.
   139 | D        | Found a radiant altar of Vehumet.
   140 | D        | Found a shimmering altar of Xom.
   141 | D        | Found a basalt altar of Yredelemnul.
   142 | D        | Found a glowing silver altar of Zin.
   143 | D        | Found a glowing golden altar of the Shining One.
   186 | D        | Noticed a hungry ghost
   187 | D        | Reached skill level 1 in Axes
   189 | D        | Reached skill level 7 in Fighting
   189 | D        | Reached skill level 2 in Axes
   189 | D        | Reached skill level 7 in Armour
   189 | D        | Reached skill level 7 in Shields
   189 | D        | Reached XP level 5. HP: 52/52 MP: 4/4
   190 | D        | Reached * piety under Cheibriados
   190 | D        | Reached skill level 3 in Axes
   193 | D        | Killed a hungry ghost
   193 | D        | Reached skill level 8 in Fighting
   193 | D        | Reached skill level 5 in Axes
   193 | D        | Reached skill level 8 in Armour
   193 | D        | Reached skill level 8 in Shields
   193 | D        | Reached XP level 6. HP: 62/62 MP: 5/5
   196 | D        | Reached ** piety under Cheibriados
   196 | D        | Reached skill level 9 in Fighting
   196 | D        | Reached skill level 6 in Axes
   196 | D        | Reached skill level 9 in Shields
   265 | D        | Noticed a troll
   265 | D        | Noticed a kobold demonologist
   265 | D        | Noticed an efreet
   265 | D        | Noticed a troll
   267 | D        | Killed a troll
   267 | D        | Reached skill level 7 in Axes
   267 | D        | Reached skill level 9 in Armour
   267 | D        | Reached skill level 3 in Invocations
   267 | D        | Reached XP level 7. HP: 71/71 MP: 5/8
   268 | D        | Noticed a rust devil
   270 | D        | Killed an efreet
   270 | D        | Reached *** piety under Cheibriados
   270 | D        | Reached skill level 10 in Fighting
   270 | D        | Reached skill level 8 in Axes
   270 | D        | Reached skill level 10 in Armour
   270 | D        | Reached skill level 10 in Shields
   270 | D        | Reached skill level 4 in Invocations
   277 | D        | Killed a kobold demonologist
   277 | D        | Reached skill level 5 in Invocations
   277 | D        | Reached XP level 8. HP: 80/81 MP: 6/10
   278 | D        | Reached **** piety under Cheibriados
   283 | D        | Killed a troll
   283 | D        | Reached skill level 11 in Fighting
   283 | D        | Reached skill level 9 in Axes
   283 | D        | Reached skill level 11 in Armour
   283 | D        | Reached skill level 11 in Shields
   419 | D        | Noticed a komodo dragon
   420 | D        | Reached ***** piety under Cheibriados
   420 | D        | Reached skill level 6 in Invocations
   422 | D        | Noticed a komodo dragon
   424 | D        | Noticed a spiny frog
   425 | D        | Reached skill level 10 in Axes
   428 | D        | Killed a komodo dragon
   428 | D        | Reached XP level 9. HP: 90/90 MP: 11/13
   429 | D        | Killed a komodo dragon
   429 | D        | Reached ****** piety under Cheibriados
   429 | D        | Reached skill level 12 in Fighting
   429 | D        | Reached skill level 12 in Armour
   429 | D        | Reached skill level 12 in Shields
   429 | D        | Reached skill level 7 in Invocations
   435 | D        | Killed a spiny frog
   435 | D        | Reached skill level 11 in Axes
   445 | D        | Noticed a spiny frog
   456 | D        | Killed a spiny frog
   456 | D        | Reached skill level 8 in Invocations
   463 | D        | Reached skill level 13 in Fighting
   463 | D        | Reached skill level 13 in Shields
   476 | D        | Noticed a lindwurm
   476 | D        | Noticed a lindwurm
   480 | D        | Noticed a giant leech
   482 | D        | Noticed a giant leech
   482 | D        | Killed a lindwurm
   482 | D        | Reached skill level 13 in Armour
   482 | D        | Reached XP level 10. HP: 92/101 MP: 15/15
   484 | D        | HP: 25/101 [lindwurm/blast of flame (23)]
   490 | D        | Killed a lindwurm
   490 | D        | Reached skill level 12 in Axes
   490 | D        | Reached skill level 9 in Invocations
   670 | D        | Noticed Erica
   675 | D        | Killed Erica
   762 | D        | Noticed Psyche
   765 | D        | Killed Psyche
   765 | D        | Reached skill level 14 in Fighting
   765 | D        | Reached skill level 14 in Shields
   793 | D        | Noticed an orc knight
   793 | D        | Noticed an orc knight
   803 | D        | Killed an orc knight
   803 | D        | Reached skill level 13 in Axes
   803 | D        | Reached skill level 14 in Armour
   808 | D        | Killed an orc knight
   808 | D        | Reached skill level 10 in Invocations
   970 | D        | Noticed an orc knight
   986 | D        | Killed an orc knight
   986 | D        | Reached XP level 11. HP: 88/111 MP: 17/17
  1158 | D        | Found Kirchekep's Weapon Boutique.
  1159 | D        | Noticed an orc high priest
  1160 | D        | Noticed an orc high priest
  1163 | D        | Found Assueh's Antique Weapon Shop.
  1171 | D        | Killed an orc high priest
  1171 | D        | Reached skill level 15 in Fighting
  1171 | D        | Reached skill level 15 in Shields
  1173 | D        | Killed an orc high priest
  1173 | D        | Reached skill level 14 in Axes
  1173 | D        | Reached skill level 15 in Armour
  1173 | D        | Reached skill level 11 in Invocations
  1177 | D        | Found Nolyv's Magic Scroll Boutique.
  1179 | D        | Noticed an orc high priest
  1180 | D        | Found Munuwoff's Weapon Shop.
  1182 | D        | Killed an orc high priest
  1184 | D        | Noticed an orc high priest
  1191 | D        | Killed an orc high priest
  1196 | D        | Bought a scroll of enchant armour for 90 gold pieces
  1196 | D        | Bought a scroll of enchant armour for 90 gold pieces
  1196 | D        | Bought a scroll of blinking for 90 gold pieces
  1613 | D        | Noticed a centaur warrior
  1615 | D        | Noticed a stone giant
  1618 | D        | Noticed a tengu warrior
  1624 | D        | Killed a stone giant
  1626 | D        | Killed a centaur warrior
  1626 | D        | Reached skill level 16 in Fighting
  1626 | D        | Reached skill level 15 in Axes
  1626 | D        | Reached skill level 16 in Armour
  1626 | D        | Reached skill level 16 in Shields
  1626 | D        | Reached skill level 12 in Invocations
  1629 | D        | Killed a tengu warrior
  1848 | D        | Noticed a stone giant
  1849 | D        | Noticed a fire giant
  1850 | D        | HP: 23/114 [fire giant/fireball (50)]
  1857 | D        | Killed a fire giant
  1857 | D        | Reached XP level 12. HP: 20/124 MP: 10/20
  1865 | D        | Noticed a tengu warrior
  1866 | D        | Noticed a stone giant
  1867 | D        | HP: 21/124 [tengu warrior/war axe (5)]
  1872 | D        | Killed a tengu warrior
  1873 | D        | HP: 27/124 [stone giant (26)]
  1876 | D        | Killed a stone giant
  1883 | D        | HP: 5/124 [stone giant/large rock (27)]
  1888 | D        | HP: 5/124 [stone giant (2)]
  1889 | D        | Killed a stone giant
  2425 | D        | Noticed Grum
  2429 | D        | Killed Grum
  2429 | D        | Reached skill level 16 in Axes
  2430 | D        | Reached skill level 17 in Fighting
  2431 | D        | Reached skill level 17 in Armour
  2453 | D        | Noticed Kirke
  2455 | D        | Reached skill level 17 in Shields
  2455 | D        | Reached skill level 13 in Invocations
  2464 | D        | Killed Kirke
  2468 | D        | Noticed Snorg
  2474 | D        | Killed Snorg
  2532 | D        | Noticed a thorn hunter
  2532 | D        | Noticed an alligator
  2539 | D        | Killed an alligator
  2542 | D        | Noticed an alligator
  2544 | D        | Killed a thorn hunter
  2556 | D        | Killed an alligator
  2556 | D        | Reached skill level 17 in Axes
  2670 | D        | Noticed a naga warrior
  2675 | D        | Killed a naga warrior
  2675 | D        | Reached skill level 18 in Fighting
  2675 | D        | Reached skill level 18 in Armour
  2675 | D        | Reached skill level 18 in Shields
  2675 | D        | Reached skill level 14 in Invocations
  2686 | D        | Reached XP level 13. HP: 132/134 MP: 22/22
  2898 | D        | Noticed a merfolk impaler
  2898 | D        | Noticed a merfolk impaler
  2898 | D        | Noticed a merfolk javelineer
  2916 | D        | Killed a merfolk javelineer
  2924 | D        | Killed a merfolk impaler
  2927 | D        | Killed a merfolk impaler
  2927 | D        | Reached skill level 18 in Axes
  3274 | D        | Reached skill level 19 in Armour
  3274 | D        | Reached skill level 15 in Invocations
  3276 | D        | Reached skill level 19 in Fighting
  3278 | D        | Paralysed by a hornet for 1 turns
  3280 | D        | Reached skill level 19 in Shields
  3629 | D        | Noticed a frost giant
  3629 | D        | Noticed an ettin
  3629 | D        | Noticed a fire giant
  3633 | D        | Killed a fire giant
  3648 | D        | Killed a frost giant
  3650 | D        | Killed an ettin
  3691 | D        | Reached skill level 19 in Axes
  3692 | D        | Noticed a fire giant
  3693 | D        | Noticed a fire dragon
  3699 | D        | Reached skill level 20 in Armour
  3699 | D        | Reached skill level 16 in Invocations
  3699 | D        | Killed a fire giant
  3699 | D        | Reached skill level 20 in Fighting
  3699 | D        | Reached skill level 20 in Shields
  3699 | D        | Reached XP level 14. HP: 58/148 MP: 13/25
  3981 | D        | Noticed a vault warden
  3998 | D        | Noticed an ironheart preserver
  4000 | D        | Killed a vault warden
  4001 | D        | Noticed a vault warden
  4019 | D        | Killed a vault warden
  4021 | D        | Killed an ironheart preserver
  4022 | D        | Reached skill level 20 in Axes
  4040 | D        | Reached skill level 17 in Invocations
  4044 | D        | Reached skill level 21 in Armour
  4201 | D        | Noticed Jory
  4212 | D        | HP: 7/149 [Jory/crystal spear (53)]
  4213 | D        | Killed Jory
  4213 | D        | Reached skill level 21 in Fighting
  4213 | D        | Reached skill level 21 in Shields
  4733 | D        | Noticed Louise
  4754 | D        | Noticed Boris
  4764 | D        | Killed Boris
  5202 | D        | Noticed Ilsuiw
  5224 | D        | Killed Ilsuiw
  5224 | D        | Reached skill level 21 in Axes
  5237 | D        | Reached skill level 18 in Invocations
  5240 | D        | Reached skill level 22 in Armour
  5248 | D        | Reached skill level 22 in Shields
  5251 | D        | Reached skill level 22 in Fighting
  5257 | D        | HP: 45/154 [merfolk impaler/demon trident of electrocution (3)]
  5257 | D        | HP: 22/154 [merfolk impaler/trident of piercing (2)]
  5257 | D        | Reached XP level 15. HP: 23/160 MP: 27/27
  5262 | D        | HP: 35/160 [poisoned by a merfolk impaler]
  5267 | D        | HP: 29/160 [poisoned by a merfolk impaler]
  5273 | D        | HP: 29/160 [poisoned by a merfolk impaler]
  5278 | D        | HP: 30/160 [poisoned by a merfolk impaler]
  5284 | D        | HP: 31/160 [poisoned by a merfolk impaler]
  5290 | D        | HP: 32/160 [poisoned by a merfolk impaler]
  5296 | D        | HP: 33/160 [poisoned by a merfolk impaler]
  5751 | D        | Noticed a greater naga
  5751 | D        | Noticed a greater naga
  5751 | D        | Noticed a greater naga
  5752 | D        | Noticed a greater naga
  5759 | D        | Killed a greater naga
  5760 | D        | Noticed a greater naga
  5762 | D        | Killed a greater naga
  5766 | D        | Killed a greater naga
  5770 | D        | Killed a greater naga
  5773 | D        | Killed a greater naga
  5773 | D        | Reached skill level 22 in Axes
  6144 | D        | Got a serpentine rune of Zot
  6161 | D        | Reached skill level 19 in Invocations
  6163 | D        | Reached skill level 23 in Armour
  6167 | D        | Reached skill level 23 in Shields
  6169 | D        | Reached skill level 23 in Fighting
  6193 | D        | Got a decaying rune of Zot
  6267 | D        | Noticed a ghost moth
  6284 | D        | Killed a ghost moth
  6936 | D        | Reached skill level 23 in Axes
  6939 | D        | Got a gossamer rune of Zot
  7067 | D        | Reached skill level 24 in Armour
  7072 | D        | Reached skill level 24 in Shields
  7072 | D        | Reached skill level 20 in Invocations
  7079 | D        | Reached skill level 24 in Fighting
  7093 | D        | Reached skill level 1 in Dodging
  7099 | D        | Reached skill level 2 in Dodging
  7105 | D        | Reached skill level 3 in Dodging
  7113 | D        | Reached XP level 16. HP: 174/174 MP: 29/29
  7118 | D        | Reached skill level 4 in Dodging
  7129 | D        | Reached skill level 5 in Dodging
  7145 | D        | Reached skill level 6 in Dodging
  7167 | D        | Reached skill level 7 in Dodging
  7184 | D        | Reached skill level 25 in Armour
  7184 | D        | Reached skill level 8 in Dodging
  7188 | D        | Reached skill level 25 in Fighting
  7188 | D        | Reached skill level 25 in Shields
  7190 | D        | Noticed a shadow dragon
  7208 | D        | Noticed an Orb Guardian
  7210 | D        | Killed a shadow dragon
  7210 | D        | Reached skill level 9 in Dodging
  7215 | D        | Killed an Orb Guardian
  7224 | D        | Reached skill level 10 in Dodging
  7360 | D        | Noticed a shadow dragon
  7374 | D        | Killed a shadow dragon
  7380 | D        | Reached skill level 11 in Dodging
  7388 | D        | Got a spiked scale mail
  7399 | D        | Identified the +2 scale mail of the Curious Ghosts {-Tele rPois Str+5 Stlth+} (You found it in the Dungeon)
  7436 | D        | Noticed a shadow dragon
  7436 | D        | Noticed an ancient lich
  7436 | D        | Noticed a shadow dragon
  7437 | D        | Noticed a shadow dragon
  7445 | D        | Noticed a golden dragon
  7450 | D        | Killed an ancient lich
  7450 | D        | Reached skill level 26 in Fighting
  7450 | D        | Reached skill level 26 in Armour
  7450 | D        | Reached skill level 12 in Dodging
  7450 | D        | Reached skill level 26 in Shields
  7452 | D        | Killed a shadow dragon
  7453 | D        | HP: 49/180 [shadow dragon/bolt of negative energy (33)]
  7456 | D        | Noticed a titan
  7468 | D        | Killed a titan
  7468 | D        | Killed a golden dragon
  7468 | D        | Reached skill level 13 in Dodging
  7468 | D        | Killed a shadow dragon
  7626 | D        | Killed a shadow dragon
  7731 | D        | Got a silver rune of Zot
  7764 | D        | Noticed Nikola
  7765 | D        | Noticed Frederick
  7776 | D        | Killed Frederick
  7776 | D        | Reached skill level 27 in Armour
  7776 | D        | Reached skill level 14 in Dodging
  7782 | D        | Killed Nikola
  7782 | D        | Reached skill level 27 in Fighting
  7782 | D        | Reached skill level 15 in Dodging
  7782 | D        | Reached skill level 27 in Shields
  8037 | D        | Got the amulet "Ocsi" {Faith *Corrode rF+ Slay+3}
  8039 | D        | Got the amulet "Moirum" {Gourm +Fly rElec rC+ Dex-3}
  8046 | D        | Got the ring "Ybboenk" {rElec rC+ Str+6 Dex+4}
  8048 | D        | Got the ring "Vintelam" {Ice *Corrode rPois MR+++ Stlth-}
  8050 | D        | Got the ring "Dogya" {rPois rN+ Str+3 Int+4}
  8075 | D        | Got the +5 broad axe "Esime" {speed, rElec rPois Int-2 Dex+2}
  8213 | D        | Noticed Xtahua
  8223 | D        | Killed Xtahua
  8223 | D        | Reached skill level 17 in Dodging
  8223 | D        | Reached XP level 17. HP: 180/191 MP: 30/30
  8289 | D        | Reached skill level 18 in Dodging
  8295 | D        | Reached skill level 19 in Dodging
  8303 | D        | Reached skill level 20 in Dodging
  8422 | D        | Noticed a bone dragon
  8428 | D        | Killed a bone dragon
  8428 | D        | Reached skill level 21 in Dodging
  8447 | D        | Reached skill level 22 in Dodging
  8467 | D        | Reached skill level 23 in Dodging
  8621 | D        | Noticed a tentacled monstrosity
  8622 | D        | Noticed a tentacled monstrosity
  8627 | D        | Killed a tentacled monstrosity
  8627 | D        | Reached skill level 24 in Dodging
  8636 | D        | Killed a tentacled monstrosity
  8636 | D        | Reached skill level 25 in Dodging
  8675 | D        | Reached skill level 26 in Dodging
  8684 | D        | Reached skill level 27 in Dodging
  8689 | D        | Reached skill level 2 in Stealth
  8689 | D        | Reached skill level 1 in Spellcasting
  8692 | D        | Reached skill level 24 in Axes
  8692 | D        | Reached skill level 2 in Spellcasting
  8696 | D        | Reached skill level 3 in Stealth
  8703 | D        | Noticed a tentacled monstrosity
  8705 | D        | Reached skill level 4 in Stealth
  8705 | D        | Reached skill level 3 in Spellcasting
  8708 | D        | Noticed a tentacled monstrosity
  8709 | D        | Killed a tentacled monstrosity
  8716 | D        | Reached skill level 5 in Stealth
  8716 | D        | Reached skill level 4 in Spellcasting
  8723 | D        | Killed a tentacled monstrosity
  8723 | D        | Reached skill level 6 in Stealth
  8731 | D        | Reached skill level 5 in Spellcasting
  8731 | D        | Reached skill level 21 in Invocations
  8735 | D        | Reached skill level 7 in Stealth
  8735 | D        | Reached XP level 18. HP: 193/200 MP: 31/31
  8752 | D        | Noticed an orb of fire
  8759 | D        | Reached skill level 25 in Axes
  8762 | D        | Reached skill level 6 in Spellcasting
  8767 | D        | Reached skill level 8 in Stealth
  8771 | D        | Killed an orb of fire
  8771 | D        | Reached skill level 9 in Stealth
  8771 | D        | Reached skill level 7 in Spellcasting
  8875 | D        | Noticed an Orb Guardian
  8875 | D        | Noticed an Orb Guardian
  8875 | D        | Noticed an Orb Guardian
  8875 | D        | Noticed an Orb Guardian
  8875 | D        | Noticed an Orb Guardian
  8875 | D        | Noticed an Orb Guardian
  8877 | D        | Killed an Orb Guardian
  8877 | D        | Reached skill level 10 in Stealth
  8885 | D        | Killed an Orb Guardian
  8885 | D        | Reached skill level 8 in Spellcasting
  8885 | D        | Reached skill level 22 in Invocations
  8888 | D        | Killed an Orb Guardian
  8888 | D        | Reached skill level 26 in Axes
  8892 | D        | Killed an Orb Guardian
  8892 | D        | Reached skill level 11 in Stealth
  8896 | D        | Killed an Orb Guardian
  8899 | D        | Killed an Orb Guardian
  8899 | D        | Reached skill level 9 in Spellcasting
  8901 | D        | Noticed an Orb Guardian
  8902 | D        | Noticed an Orb Guardian
  8906 | D        | Killed an Orb Guardian
  8909 | D        | Killed an Orb Guardian
  8909 | D        | Reached skill level 12 in Stealth
  8910 | D        | Noticed an Orb Guardian
  8914 | D        | Killed an Orb Guardian
  8921 | D        | Noticed a Killer Klown
  8921 | D        | Noticed an Orb Guardian
  8921 | D        | Noticed an Orb Guardian
  8923 | D        | Noticed an Orb Guardian
  8924 | D        | Noticed an Orb Guardian
  8930 | D        | Killed an Orb Guardian
  8930 | D        | Reached skill level 27 in Axes
  8930 | D        | Reached skill level 10 in Spellcasting
  8930 | D        | Reached skill level 23 in Invocations
  8933 | D        | Killed an Orb Guardian
  8933 | D        | Reached skill level 13 in Stealth
  8936 | D        | Killed a Killer Klown
  8938 | D        | Killed an Orb Guardian
  8938 | D        | Reached skill level 11 in Spellcasting
  8943 | D        | Killed an Orb Guardian
  8943 | D        | Reached skill level 14 in Stealth
  8955 | D        | Noticed an ancient lich
  8957 | D        | Killed an ancient lich
  8957 | D        | Reached skill level 15 in Stealth
  8957 | D        | Reached skill level 12 in Spellcasting
  8957 | D        | Reached skill level 24 in Invocations
  8960 | D        | Noticed an orb of fire
  8969 | D        | Killed an orb of fire
  9029 | D        | Noticed an electric golem
  9032 | D        | Killed an electric golem
  9035 | D        | Noticed an electric golem
  9035 | D        | Noticed an electric golem
  9035 | D        | Noticed an ancient lich
  9036 | D        | Noticed an Orb Guardian
  9041 | D        | Killed an ancient lich
  9041 | D        | Reached skill level 16 in Stealth
  9041 | D        | Reached skill level 13 in Spellcasting
  9041 | D        | Reached skill level 25 in Invocations
  9041 | D        | Reached XP level 19. HP: 207/207 MP: 33/35
  9050 | D        | Noticed an orb of fire
  9052 | D        | Noticed a Killer Klown
  9055 | D        | Killed an electric golem
  9055 | D        | Reached skill level 17 in Stealth
  9059 | D        | Noticed an ancient lich
  9065 | D        | Noticed an ancient lich
  9067 | D        | Gained mutation: You expend magic power (3 MP) to strengthen your wands. [an orb of fire]
  9071 | D        | Killed an orb of fire
  9071 | D        | Reached skill level 14 in Spellcasting
  9080 | D        | Killed an ancient lich
  9080 | D        | Reached skill level 18 in Stealth
  9080 | D        | Reached skill level 26 in Invocations
  9082 | D        | Killed an ancient lich
  9082 | D        | Reached skill level 15 in Spellcasting
  9093 | D        | Killed a Killer Klown
  9093 | D        | Reached skill level 19 in Stealth
  9099 | D        | Killed an electric golem
  9289 | D        | Noticed a golden dragon
  9298 | D        | Killed a golden dragon
  9298 | D        | Reached skill level 27 in Invocations
  9311 | D        | Reached skill level 20 in Stealth
  9311 | D        | Reached skill level 16 in Spellcasting
  9330 | D        | Reached skill level 21 in Stealth
  9330 | D        | Reached skill level 17 in Spellcasting
  9359 | D        | Reached skill level 22 in Stealth
  9369 | D        | Reached skill level 18 in Spellcasting
  9468 | D        | Noticed an ancient lich
  9476 | D        | Noticed an ancient lich
  9489 | D        | Killed an ancient lich
  9489 | D        | Reached skill level 23 in Stealth
  9489 | D        | Reached XP level 20. HP: 205/216 MP: 41/41
  9496 | D        | Killed an ancient lich
  9496 | D        | Reached skill level 19 in Spellcasting
  9500 | D        | Reached skill level 24 in Stealth
  9604 | D        | Reached skill level 20 in Spellcasting
  9621 | D        | Reached skill level 25 in Stealth
  9647 | D        | Reached skill level 21 in Spellcasting
  9653 | D        | Got an elven rune of Zot
 10210 | D        | Reached skill level 26 in Stealth
 10228 | D        | Noticed the Royal Jelly
 10244 | D        | Killed the Royal Jelly
 10244 | D        | Reached skill level 27 in Stealth
 10244 | D        | Reached skill level 22 in Spellcasting
 10245 | D        | Paralysed by a giant eyeball for 2 turns
 10250 | D        | Paralysed by a giant eyeball for 2 turns
 10256 | D        | Paralysed by a giant eyeball for 2 turns
 10268 | D        | Reached skill level 23 in Spellcasting
 10275 | D        | Got a slimy rune of Zot
 10465 | D        | Killed Louise
 10513 | D        | Reached skill level 24 in Spellcasting
 10530 | D        | Reached skill level 25 in Spellcasting
 10537 | D        | Reached XP level 21. HP: 154/224 MP: 49/49
 10683 | D        | Reached skill level 26 in Spellcasting
 11027 | D        | Noticed a greater mummy
 11027 | D        | Noticed a greater mummy
 11033 | D        | HP: 63/222 [torment (48)]
 11035 | D        | Noticed a greater mummy
 11039 | D        | HP: 62/222 [greater mummy (1)]
 11042 | D        | Killed a greater mummy
 11192 | D        | HP: 47/222 [??? (35)]
 11197 | D        | HP: 29/222 [??? (21)]
 11201 | D        | Killed a greater mummy
 11201 | D        | Reached skill level 27 in Spellcasting
 11201 | D        | Reached skill level 2 in Throwing
 11201 | D        | Reached skill level 3 in Unarmed Combat
 11201 | D        | Reached skill level 3 in Earth Magic
 11201 | D        | Reached skill level 2 in Evocations
 11329 | D        | HP: 57/219 [guardian mummy's death curse (33)]
 11329 | D        | Reached skill level 3 in Throwing
 11790 | D        | Got a golden rune of Zot
 11967 | D        | Reached skill level 4 in Earth Magic
 11967 | D        | Reached skill level 3 in Evocations
 11972 | D        | Reached skill level 4 in Unarmed Combat
 11976 | D        | Reached skill level 4 in Throwing
 11976 | D        | Reached skill level 5 in Earth Magic
 11980 | D        | Reached skill level 5 in Throwing
 11980 | D        | Reached skill level 5 in Unarmed Combat
 11980 | D        | Reached skill level 6 in Earth Magic
 11980 | D        | Reached skill level 4 in Evocations
 11987 | D        | Reached skill level 6 in Unarmed Combat
 11989 | D        | Reached skill level 5 in Evocations
 11993 | D        | Got an abyssal rune of Zot
 12116 | D        | Noticed Geryon
 12130 | D        | Killed Geryon
 12130 | D        | Reached skill level 6 in Throwing
 12130 | D        | Reached skill level 7 in Unarmed Combat
 12130 | D        | Reached skill level 7 in Earth Magic
 12130 | D        | Reached skill level 6 in Evocations
 12134 | D        | Noticed Gloorx Vloq
 12134 | D        | Noticed Dispater
 12135 | D        | Noticed Mnoleg
 12141 | D        | HP: 60/222 [??? (46)]
 12141 | D        | HP: 25/222 [Dispater/damnation (35)]
 12144 | D        | Killed Mnoleg
 12144 | D        | Reached skill level 7 in Throwing
 12144 | D        | Reached skill level 8 in Unarmed Combat
 12144 | D        | Reached skill level 9 in Earth Magic
 12144 | D        | Reached skill level 7 in Evocations
 12146 | D        | HP: 44/224 [poisoned by Gloorx Vloq (dark miasma)]
 12152 | D        | HP: 44/224 [poisoned by Gloorx Vloq (dark miasma)]
 12159 | D        | HP: 44/224 [poisoned by Gloorx Vloq (dark miasma)]
 12163 | D        | HP: 14/220 [??? (9)]
 12164 | D        | Killed Gloorx Vloq
 12164 | D        | Reached skill level 9 in Throwing
 12164 | D        | Reached skill level 10 in Unarmed Combat
 12164 | D        | Reached skill level 11 in Earth Magic
 12164 | D        | Reached skill level 9 in Evocations
 12174 | D        | HP: 60/224 [Dispater/golden staff (15)]
 12176 | D        | HP: 21/224 [hellion/damnation[Dispater] (22)]
 12176 | D        | HP: 9/224 [Dispater/damnation (12)]
 12177 | D        | Killed from afar by Dispater

Vault maps used:
D:        linesprint

Skill      XL: |  1  2  3  4  5  6  7  8  9 10 11 12 13 14 15 16 17 18 19 20 21 |
---------------+----------------------------------------------------------------+-----
Maces & Flails | 3 5 |  5.7
Fighting       | 4 5 6 7 8 9 10 11 13 14 16 18 20 22 24 27 | 27.0
Armour         | 4 5 6 7 8 9 10 11 13 14 16 18 20 22 24 27 | 27.0
Shields        | 4 5 6 7 8 9 10 11 13 14 16 18 20 22 24 27 | 27.0
Axes           | 2 5 7 8 10 11 13 15 17 19 21 23 24 27 | 27.0
Invocations    | 3 5 6 8 10 12 14 16 18 20 21 25 27 | 27.0
Dodging        | 3 17 27 | 27.0
Stealth        | 7 16 23 27 | 27.0
Spellcasting   | 5 13 18 25 27 | 27.0
Throwing       | 9 |  9.8
Unarmed Combat | 10 | 10.7
Earth Magic    | 11 | 11.3
Evocations     | 9 |  9.0

Action                   |  1- 3 |  4- 6 |  7- 9 | 10-12 | 13-15 | 16-18 | 19-21 || total
-------------------------+-------+-------+-------+-------+-------+-------+-------++-------
Melee: Flail             |    17 |       |       |       |       |       |       ||    17
       Headbutt          |     7 |     2 |    15 |    54 |   139 |   168 |   133 ||   518
       Broad axe         |       |    11 |    48 |   189 |   377 |   410 |   386 ||  1421
Invok: Step From Time    |       |       |       |     1 |     1 |     1 |     2 ||     5
       Slouch            |       |       |       |       |    20 |     8 |    20 ||    48
  Use: Potion            |       |       |       |     9 |     2 |     2 |    13 ||    26
       Scroll            |       |       |       |       |       |     5 |     3 ||     8
 Stab: Invisible         |       |       |       |     5 |       |       |       ||     5
       Distracted        |       |       |       |       |       |     1 |     4 ||     5
  Eat: Chunk             |       |       |       |     2 |     2 |     8 |       ||    12
       Bread ration      |       |       |       |       |     2 |     1 |       ||     3
Armor: Scale mail        |    11 |     5 |     1 |       |       |       |       ||    17
       Chain mail        |       |       |     7 |     2 |       |       |       ||     9
       Plate armour      |       |       |       |    36 |    83 |    16 |       ||   135
       Swamp dragon armo |       |       |       |       |     8 |       |       ||     8
       Gold dragon armou |       |       |       |       |       |    19 |    64 ||    83
Dodge: Dodged            |     7 |     1 |    15 |    34 |    71 |   122 |   129 ||   379
Block: Shield            |     6 |     5 |    24 |   124 |   130 |       |       ||   289
       Large shield      |       |       |       |       |   226 |   334 |   350 ||   910

Table legend:
 A = Turns spent in this place as a percentage of turns spent in the entire game.
 B = Non-inter-level travel turns spent in this place as a percentage of non-inter-level travel turns spent in the entire game.
 C = Inter-level travel turns spent in this place as a percentage of turns spent in this place.
 D = Turns resting spent in this place as a percentage of non-inter-level travel turns spent in this place.
 E = Turns spent auto-exploring this place as a percentage of non-inter-level travel turns spent in this place.
 F = Non-inter-level travel turns spent in this place divided by the number of levels of this place that you've seen.
                   A       B       C       D       E      F
               +-------+-------+-------+-------+-------+----------------------
         Total | 100.0 | 100.0 |   0.0 |   3.3 |   3.1 | 4437.0
       Dungeon | 100.0 | 100.0 |   0.0 |   3.3 |   3.1 | 4437.0
               +-------+-------+-------+-------+-------+----------------------

Vault maps used:
D:        linesprint
